 Dungeon Crawl Stone Soup version 0.29.1-15-g9cfb28693d (webtiles) character file.

Game seed: 16561980429754835364

56 QwertyIsDirtey the Slasher (level 3, 0/34 HPs)
             Began as a Minotaur Berserker on Mar 24, 2023.
             Was a Believer of Trog.
             Slain by an adder (2 damage)
             ... on level 3 of the Dungeon.
             The game lasted 00:08:24 (2118 turns).

QwertyIsDirtey the Slasher (Minotaur Berserker)     Turns: 2118, Time: 00:08:24

Health: 0/34       AC:  0    Str: 23    XL:     3   Next: 71%
Magic:  2/2        EV:  5    Int:  4    God:    Trog [**....]
Gold:   84         SH: 24    Dex:  9    Spells: 2/2 levels left

rFire   . . .      SeeInvis .   a - +0 falchion
rCold   . . .      Faith    .   k - +18 shield of the Gong {rElec rN+ Will+ EV-5}
rNeg    + . .      Spirit   .   (no body armour)
rPois   .          Reflect  .   (helmet restricted)
rElec   +          Harm     .   (no cloak)
rCorr   .          Rampage  .   (no gloves)
Will    +....                   (no boots)
Stlth   +.........              (no amulet)
HPRegen 0.11/turn               (no ring)
MPRegen 0.08/turn               (no ring)

@: no status effects
A: horns 2, retaliatory headbutt
a: Renounce Religion, Berserk, Trog's Hand


You were on level 3 of the Dungeon.
You worshipped Trog.
Trog was pleased with you.
You visited 1 branch of the dungeon, and saw 3 of its levels.

You collected 84 gold pieces.

Inventory:

Hand Weapons
 a - a +0 falchion (weapon)
Armour
 b - a +0 animal skin
 k - the +18 shield of the Gong (worn) {rElec rN+ Will+ EV-5}
   (You found it on level 2 of the Dungeon)

   It is deafeningly noisy when blocking attacks.
   EV:        It affects your evasion (-5).
   rElec:     It insulates you from electricity.
   rN:        It protects you from negative energy.
   Will:      It increases your willpower.
Scrolls
 d - 2 scrolls of enchant armour {unknown}
 e - a scroll of magic mapping {unknown}
 h - a scroll of amnesia {unknown}
 m - a scroll of enchant weapon {unknown}
Potions
 c - a potion of might {unknown}
 f - 4 potions of curing {unknown}
 g - a potion of berserk rage {unknown}
 i - 2 potions of magic {unknown}
 j - a potion of attraction {unknown}
 l - a potion of flight {unknown}
 n - a potion of brilliance {unknown}


   Skills:
 + Level 4.4 Fighting
 + Level 4.7 Long Blades
 + Level 2.6 Armour
 + Level 2.5 Dodging
 + Level 0.2 Shields


You had 2 spell levels left.
You didn't know any spells.
Your spell library contained the following spells:

 Spells                   Type           Power      Damage    Failure   Level
 Magic Dart               Conj           0%         1d3       90%         1
 Call Imp                 Summ           0%         N/A       97%         2
 Mephitic Cloud           Conj/Pois/Air  0%         N/A       99%         3


Dungeon Overview and Level Annotations

Branches:
Dungeon (3/15)

Altars:

Shops:
D:1 *


Innate Abilities, Weirdness & Mutations

You have a pair of horns on your head.
You reflexively headbutt those who attack you in melee.


Message History

The giant cockroach barely misses you.
Found 2 stones.
You block the adder's attack.
GONNNNG!
You block the giant cockroach's attack.
GONNNNG!
The adder bites you.
You are poisoned.
The adder poisons you!
You hit the giant cockroach.
The giant cockroach is almost dead.
You feel sick.
The giant cockroach completely misses you.
You block the adder's attack.
GONNNNG!
You block the dart slug's attack.
PANG!
The giant cockroach bites you.
* * * LOW HITPOINT WARNING * * *
You hear a shout!
You hit the giant cockroach.
You kill the giant cockroach!
Trog accepts your kill.
You feel sick. You block the adder's attack.
BONNNG!
You block the adder's attack.
PANG!
The dart slug launches a dart at you. The slug dart hits you.
* * * LOW HITPOINT WARNING * * *
You feel sick. You block the adder's attack.
GONNNNG!
You block the dart slug's attack.
PTOANNNG!
You hear an angry hiss.
You see here a giant cockroach corpse.
You hit the adder.
The adder is heavily wounded.
You feel sick.
You are no longer poisoned.
The adder bites you.
You die...

####### #<#...##
.## #.#....#
(... #......##
.... ###.)...#
.....
##...†###.....
##...†........
#.............
###....S@w......
+...............
###.....###.....
#...... .....
#....##. ###.
#....# +# #....
####. #.


You could see an adder and a dart slug.

Vanquished Creatures
  2 adders (D:2)
  A worm (D:2)
  A dart slug (D:2)
  3 endoplasms
  2 giant cockroaches
  6 hobgoblins
  5 ball pythons
  2 bats (D:1)
  2 frilled lizards (D:1)
  3 goblins
  2 kobolds (D:1)
  2 rats (D:1)
31 creatures vanquished.

Vanquished Creatures (others)
  4 fungi (D:1)
  18 plants (D:1)
22 creatures vanquished.

Grand Total: 53 creatures vanquished

Notes
Turn   | Place    | Note
-------+----------+-------------------------------------------
     0 | D:1      | QwertyIsDirtey the Minotaur Berserker began the quest for
                  | the Orb.
     0 | D:1      | Reached XP level 1. HP: 19/19 MP: 0/0
     4 | D:1      | Found Rehe's General Store.
   249 | D:1      | Reached XP level 2. HP: 21/27 MP: 1/1
   584 | D:1      | Found a faded altar of an unknown god.
   873 | D:2      | Reached XP level 3. HP: 32/33 MP: 2/2
  1134 | D:2      | Found the +18 shield of the Gong {rElec rN+ Will+ EV-5}
  2103 | D:3      | Reached ** piety under Trog
  2118 | D:3      | Slain by an adder

Illustrated notes

Levels and vault maps discovered:
D:1:      roderic_crop_circles_arrival_small, layout_basic, serial_shops, shop,
          shapermc_ecumenical_altar_acropolis
D:2:      layout_loops_corners
D:3:      layout_basic, nemelex_altar_shiori

Skill      XL: |  1  2 |
---------------+-------+-----
Fighting       | 4 |  4.4
Long Blades    | 4 |  4.7
Armour         | |  2.6
Dodging        | |  2.5
Shields        | |  0.2

Action                   || total
-------------------------++-------
Melee: Falchion          ||   142
       Headbutt          ||    33
       Punch             ||     3
Armor: Animal skin       ||     8
Dodge: Dodged            ||    44
Block: Kite shield       ||    62
